 Dungeon Crawl Stone Soup version 0.28-a0-519-gbfeecf2fc5 (webtiles) character file.

Game seed: 3542523453483885232

2541 demibob the Grappler (level 9, -1/80 HPs)
             Began as a Troll Monk on Sept 23, 2021.
             Was a High Priest of Cheibriados.
             Engulfed by a steam dragon's steam (4 damage)
             ... on level 8 of the Dungeon.
             The game lasted 00:08:33 (4832 turns).

demibob the Grappler (Troll Monk)                   Turns: 4832, Time: 00:08:34

Health: -1/80      AC:  5    Str: 33    XL:     9   Next: 30%
Magic:  0/13       EV: 12    Int: 25    God:    Cheibriados [*****.]
Gold:   326        SH:  0    Dex: 24    Spells: 8/8 levels left

rFire   . . .      SeeInvis .     - Unarmed
rCold   . . .      Faith    .   (no shield)
rNeg    + . .      Spirit   +   a - +0 robe
rPois   .          Reflect  .   (helmet restricted)
rElec   .          Harm     .   j - +0 cloak
rCorr   +          Rampage  .   (gloves unavailable)
Will    .....                   (boots unavailable)
Stlth   ++........              n - amulet "Sikad" {Spirit rCorr Int+4}
HPRegen 1.23/turn               N - ring of positive energy
MPRegen 0.13/turn               Y - +4 ring of slaying

@: very slow
A: large, unfitting armour, claws 3, regeneration 1, shaggy fur 1, tough skin 1
a: Renounce Religion, Bend Time, Temporal Distortion, Slouch, Step From Time


You were on level 8 of the Dungeon.
You worshipped Cheibriados.
Cheibriados was extremely pleased with you.
You visited 1 branch of the dungeon, and saw 8 of its levels.

You collected 326 gold pieces.


Innate Abilities, Weirdness & Mutations

You are too large for most types of armour.
You have claws for hands.
Your natural rate of healing is unusually fast.
You are covered in fur. (AC +1)
You have tough skin. (AC +1)


   Skills:
 - Level 2.4 Fighting
 - Level 3.7 Dodging
 - Level 1.0 Stealth
 + Level 9.4 Unarmed Combat
 + Level 7.5 Invocations


You had 8 spell levels left.
You didn't know any spells.
Your spell library was empty.

Inventory:

Armour
 a - a +0 robe (worn)
 j - a +0 cloak (worn)
Jewellery
 n - the amulet "Sikad" (around neck) {Spirit rCorr Int+4}
   (You found it on level 6 of the Dungeon)

   [amulet of guardian spirit]

   It causes incoming damage to be divided between your reserves of health and
   magic.
   Int:       It affects your intelligence (+4).
   rCorr:     It protects you from acid and corrosion.
 N - a ring of positive energy (left claw)
 R - a ring of resist corrosion
 Y - a +4 ring of slaying (right claw)
Wands
 c - a wand of flame (8)
 m - a wand of digging (7)
Scrolls
 d - 3 scrolls of teleportation {@r2}
 e - 5 scrolls of magic mapping
 f - a scroll of amnesia
Potions
 b - 3 potions of curing {@q1}
 g - a potion of ambrosia {unknown}
 h - a potion of lignification
 l - a potion of flight {unknown}
 o - a potion of magic

Dungeon Overview and Level Annotations

Branches:
Dungeon (8/15)             Temple (0/1) D:6
   Lair: D:8-11

Altars:
Ashenzari
Cheibriados
Okawaru
Sif Muna
Trog
Uskayaw

Shops:
D:3

? #<# #.# #.#
#.#######
######.#.....#
#......#.###.#
#......#.# #[#
#......#.###.#
+.......D@ยง.>#
#......#.#####
#......#.#
#......#.#
#......#.#
######.#.#
........#
#####.......#
.......##.#


You could see a steam dragon (catching breath).


Message History

The centaur hits you but does no damage.
The centaur misses you.
You claw the centaur!
You kill the centaur!
Cheibriados appreciates the change of pace.
The steam dragon breathes steam at you. The ball of steam hits you!!
* * * LOW HITPOINT WARNING * * *
You feel better.
You are engulfed in a cloud of scalding steam.
You are engulfed in a cloud of scalding steam.
* * * LOW HITPOINT WARNING * * *
The steam dragon completely misses you. The steam dragon barely misses you.
Things that are here:
a +0 shortbow; 19 arrows You claw the steam dragon!
The steam dragon is heavily wounded.
The steam dragon breathes steam at you. The ball of steam hits you!!
* * * LOW HITPOINT WARNING * * *
You claw the steam dragon!
The steam dragon is almost dead.
You are engulfed in a cloud of scalding steam.
* * * LOW HITPOINT WARNING * * *
The steam dragon breathes steam at you. The ball of steam misses you.
You barely miss the steam dragon.
The steam dragon is almost dead.
You are engulfed in a cloud of scalding steam.
You die...

Skill      XL: |  1  2  3  4  5  6  7  8  9 |
---------------+----------------------------+-----
Unarmed Combat | 4 5 7 8 9 |  9.4
Dodging        | 3 |  3.7
Invocations    | 2 3 5 7 |  7.5
Fighting       | |  2.4
Stealth        | |  1.0

Action                   |  1- 3 |  4- 6 |  7- 9 || total
-------------------------+-------+-------+-------++-------
Melee: Unarmed           |    45 |   134 |   108 ||   287
       Punch             |     2 |     3 |     9 ||    14
Invok: Slouch            |       |       |     1 ||     1
Evoke: Wand              |       |       |    10 ||    10
  Use: Scroll            |     1 |     5 |     5 ||    11
       Potion            |       |       |     2 ||     2
 Stab: Sleeping          |     2 |     7 |     3 ||    12
Armor: Robe              |     4 |    29 |    25 ||    58
       Skin              |       |       |    10 ||    10
Dodge: Dodged            |    14 |    95 |    58 ||   167

Levels and vault maps discovered:
D:1:      dpeg_arrival_arbitrary_c, layout_basic,
          hellmonk_ecumenical_altar_slurped_away
D:2:      layout_loops_ring, uniq_terence, uniq_sigmund
D:3:      layout_basic, lemuel_coloured_pillars_altar, serial_shops, shop,
          hangedman_decor_clover_reticule, kennysheep_small_spiral,
          minmay_misc_feat_doors, kennysheep_generic_room_9
D:4:      layout_cave_pools, nicolae_uskayaw_suspiria,
          chequers_serial_rivers_micro_d
D:5:      layout_loops_cross, mainiacjoe_overflow_catwalk
D:6:      layout_cave_pools, mainiacjoe_overflow_24_doors,
          minmay_temple_entry_wispy, minmay_misc_feat_alley
D:7:      layout_cave_pools, kennysheep_orc_sif_temple,
          mainiacjoe_overflow_six_doors_small, worms_lemuel, uniq_menkaure
D:8:      layout_basic, overflow_temple_1_default, general_overflow_altar,
          uniq_joseph, uniq_prince_ribbit1

Notes
Turn   | Place    | Note
-------+----------+-------------------------------------------
     0 | D:1      | demibob the Troll Monk began the quest for the Orb.
     0 | D:1      | Reached XP level 1. HP: 22/22 MP: 0/0
    71 | D:1      | Reached XP level 2. HP: 20/29 MP: 1/1
   148 | D:1      | Reached skill level 4 in Unarmed Combat
   245 | D:1      | Found a faded altar of an unknown god.
   252 | D:1      | Became a worshipper of Cheibriados the Contemplative
   252 | D:1      | Reached * piety under Cheibriados
   252 | D:1      | Reached ** piety under Cheibriados
   416 | D:2      | Reached XP level 3. HP: 36/36 MP: 2/2
   480 | D:2      | Noticed Sigmund
   492 | D:2      | Killed Sigmund
   492 | D:2      | Reached *** piety under Cheibriados
   493 | D:2      | Reached skill level 3 in Dodging
   493 | D:2      | Reached skill level 2 in Invocations
   493 | D:2      | Reached XP level 4. HP: 22/44 MP: 2/4
   493 | D:2      | Reached XP level 5. HP: 25/50 MP: 2/5
   746 | D:2      | Noticed Terence
   752 | D:2      | Killed Terence
   753 | D:2      | Reached skill level 5 in Unarmed Combat
  1235 | D:3      | Reached **** piety under Cheibriados
  1255 | D:3      | Found a snail-covered altar of Cheibriados.
  1680 | D:3      | Reached XP level 6. HP: 47/59 MP: 4/6
  1729 | D:3      | Found Xiemp's Magic Scroll Emporium.
  2241 | D:4      | Reached skill level 3 in Invocations
  2467 | D:4      | Found a hide-covered altar of Uskayaw.
  2518 | D:4      | Reached XP level 7. HP: 65/66 MP: 6/8
  2811 | D:5      | Entered Level 5 of the Dungeon
  2913 | D:5      | Found an iron altar of Okawaru.
  2955 | D:5      | Reached ***** piety under Cheibriados
  2956 | D:5      | Reached skill level 6 in Unarmed Combat
  2956 | D:5      | Reached skill level 4 in Invocations
  3170 | D:5      | Reached skill level 7 in Unarmed Combat
  3182 | D:5      | Reached skill level 5 in Invocations
  3182 | D:5      | Reached XP level 8. HP: 74/74 MP: 8/10
  3652 | D:6      | Reached skill level 8 in Unarmed Combat
  3652 | D:6      | Reached skill level 6 in Invocations
  3779 | D:6      | Found a staircase to the Ecumenical Temple.
  3802 | D:6      | Identified the amulet "Sikad" {Spirit rCorr Int+4}
  3958 | D:6      | Found a broken altar of Ashenzari.
  4091 | D:7      | Found a bloodstained altar of Trog.
  4122 | D:7      | Noticed Menkaure
  4133 | D:7      | Killed Menkaure
  4238 | D:7      | Reached skill level 7 in Invocations
  4238 | D:7      | Reached XP level 9. HP: 52/80 MP: 8/13
  4336 | D:7      | Reached skill level 9 in Unarmed Combat
  4438 | D:7      | Found a shimmering blue altar of Sif Muna.
  4830 | D:8      | HP: 5/80 [steam dragon/ball of steam (18)]
  4831 | D:8      | HP: 1/80 [steam dragon] (4)]
  4832 | D:8      | Engulfed by a steam dragon's steam

Vanquished Creatures
  Sigmund (D:2)
  A steam dragon (D:7)
  Menkaure (D:7)
  An ice beast (D:6)
  A necrophage (D:5)
  An orc warrior (D:7)
  2 black bears
  An ogre (D:7)
  2 centaurs
  3 phantoms
  3 bullfrogs
  3 scorpions
  A water moccasin zombie (D:5)
  A water moccasin skeleton (D:5)
  3 killer bees (D:5)
  A bullfrog zombie (D:5)
  2 hounds (D:4)
  2 gnoll shamans (D:6)
  2 iguanas (D:4)
  A jelly (D:6)
  A bullfrog skeleton (D:6)
  Terence (D:2)
  3 orc wizards (D:7)
  A hound skeleton (D:4)
  A howler monkey zombie (D:6)
  10 gnolls (D:6)
  9 adders
  3 dart slugs
  6 orcs
  4 bats
  9 endoplasms
  5 giant cockroaches
  6 goblins
  4 hobgoblins
  4 jackals (D:4)
  5 kobolds
  2 quokkas
  8 ball pythons
  4 frilled lizards
  7 rats
126 creatures vanquished.

Table legend: (Time is in decaauts)
 A = Elapsed time spent in this place.
 B = Non-inter-level travel time spent in this place.
 C = Inter-level travel time spent in this place.
 D = Time resting spent in this place.
 E = Time spent auto-exploring this place.
 F = Levels seen in this place.
 G = Mean time per level.
                   A        B        C        D        E       F      G
               +--------+--------+--------+--------+--------+-----+--------+
         Total |   7462 |   7235 |    227 |    222 |   5808 |   8 |  932.8 |
       Dungeon |   7462 |   7235 |    227 |    222 |   5808 |   8 |  932.8 |
               +--------+--------+--------+--------+--------+-----+--------+

Top non-repeatable levels by time:
     D:3: 1788 daAuts
     D:7: 1145 daAuts
     D:4: 1034 daAuts
     D:5: 1032 daAuts
     D:2: 983 daAuts
     D:6: 935 daAuts
     D:1: 455 daAuts
     D:8: 86 daAuts

Table legend:
 A = Non-vault XP
 B = Vault XP
 C = Vault XP percentage of total XP
 D = Non-vault monster count
 E = Vault monster count
 F = Vault count percentage of total count
                 A         B        C        D         E       F
            +---------+---------+-------+---------+---------+-------
      Total |    2979 |     651 |  17.9 |     117 |       9 |   7.1
            +---------+---------+-------+---------+---------+-------
        D:1 |      32 |       2 |   5.9 |      18 |       1 |   5.3
        D:2 |      53 |     248 |  82.4 |      16 |       2 |  11.1
        D:3 |     154 |       2 |   1.3 |      21 |       1 |   4.5
        D:4 |     270 |       0 |   0.0 |      21 |       0 |   0.0
        D:5 |     915 |       0 |   0.0 |      14 |       0 |   0.0
        D:6 |     855 |       0 |   0.0 |      21 |       0 |   0.0
        D:7 |     590 |     399 |  40.3 |       5 |       5 |  50.0
        D:8 |     110 |       0 |   0.0 |       1 |       0 |   0.0
            +---------+---------+-------+---------+---------+-------
